Cogmind - Beta 16 @@@ ROGUE MODE // 2025.10.26 @ 11:20:28 Player: Mxykikker Result: Destroyed by CU-42I(R) with Subdweller Beam Cannon Performance ------------- Evolutions (0) 0 Regions Visited (2) 400 Robots Destroyed (26) 130 Value Destroyed (533) 533 Prototype IDs (0) 0 Alien Tech Used (0) 0 Bonus (0) 0 TOTAL SCORE: 1063 Bonus ------- None Cogmind --------- Core Integrity 0/250 Matter 283/300 Energy 100/100 System Corruption 0% Temperature Cool (9) Movement Rolling (110) Location -10/Subcaves Parts ------- > --- POWER (1) -------- Subdweller Power Source > --- PROPULSION (2) --- Subdweller Monowheel Subdweller Monowheel > --- UTILITY (2) ------ Scrap Shield > --- WEAPON (2) ------- Bore Cannon Makeshift Hammer > --- INVENTORY (5) ---- Makeshift Power Source Subdweller Optics Seismic Detector Subdweller Laser Subdweller Beam Cannon Peak State ------------ > --- POWER ------------ Subdweller Power Source > --- PROPULSION ------- Subdweller Monowheel Subdweller Monowheel > --- UTILITY ---------- Scrap Shield > --- WEAPON ----------- Bore Cannon Makeshift Hammer > --- INVENTORY -------- Makeshift Power Source Subdweller Optics Seismic Detector Subdweller Laser Subdweller Beam Cannon [Rating: 20] Favorites ----------- Power Subdweller Power Source Engine Subdweller Power Source Propulsion Subdweller Monowheel Wheel Subdweller Monowheel Utility Scrap Shield Device Seismic Detector Storage Small Storage Unit Protection Scrap Shield Weapon Mining Claw Energy Gun EM Pulse Gun Energy Cannon Subdweller Beam Cannon Ballistic Cannon Bore Cannon Impact Weapon Makeshift Hammer Slashing Weapon Mining Claw Build | -11 -10 -10 ------- Run | Yrd Mat Sub Slots Evolved . | . . . Power . | . . . Propulsion . | . . . Utility . | . . . Weapon . | . . . Parts Attached 24 | 8 5 11 Power 3 | 1 1 1 Engine 3 | 1 1 1 Core . | . . . Reactor . | . . . Propulsion 8 | 3 1 4 Treads . | . . . Leg . | . . . Wheel 8 | 3 1 4 Hover . | . . . Flight . | . . . Utility 4 | 2 1 1 Device 1 | 1 . . Storage 1 | 1 . . Processor . | . . . Hackware . | . . . Protection 2 | . 1 1 Artifact . | . . . Weapon 9 | 2 2 5 Energy Gun 4 | 2 1 1 Energy Cannon 2 | . . 2 Ballistic Gun . | . . . Ballistic Cannon 1 | . . 1 Launcher . | . . . Special Weapon . | . . . Impact Weapon 1 | . . 1 Slashing Weapon 1 | . 1 . Piercing Weapon . | . . . Special Melee Weapon . | . . . Unidentified Prototypes . | . . . Parts Lost 5 | . 1 4 Power 2 | . 1 1 Propulsion 2 | . . 2 Utility . | . . . Weapon 1 | . . 1 Highest Loss Streak 4 | . 1 4 To Critical Strikes . | . . . Average Backups 3 | 1 6 4 Power . | . . . Propulsion . | . 1 . Utility 1 | . 1 1 Weapon 1 | . 1 1 Tool/Special . | . . . Unused Backups 6 | 1 1 4 Power 1 | . . 1 Propulsion 1 | 1 . . Utility 2 | . . 2 Weapon 1 | . . 1 Tool/Special 1 | . 1 . Average Slot Usage (%) 83 | . 92 82 Engine 11 | . 11 11 Wheel 27 | . 28 27 Device 2 | . 9 . Storage 3 | . 14 . Protection 11 | . 4 13 Energy Gun 4 | . 16 1 Energy Cannon 9 | . . 11 Impact Weapon 1 | . . 1 Slashing Weapon 10 | . 7 11 Peak Build Rating 20 | 7 8 20 Average Rating 10 | 5 6 12 On Entrance 5 | . 7 8 Avg Prop Armor Cover (%) 1 | . . 1 Naked Turns . | . . . Heaviest Build 35 | 15 18 35 Greatest Support 40 | 20 20 40 Greatest Overweight (x) 6 | . . 6 Average Overweight (x) . | . . . Largest Inventory Capacity 8 | 8 8 8 Average Capacity 5 | 7 8 5 Most Carried 8 | 4 8 7 Average Carried 3 | 1 6 4 Final Capacity 8 | 8 8 5 Final Carried 5 | 4 4 5 Class Distribution -------------------- 66% | Subdweller-Mutant 28% | Mutant 4% | Scavenger-Mutant Dominant Class ---------------- Mutant | -10/Materials Subdweller-Mutant | -10/Subcaves Resources | -11 -10 -10 ----------- Run | Yrd Mat Sub Matter Collected 465 | 280 65 120 Remotely . | . . . Salvage Created 804 | 296 316 192 Parts 50 | 25 16 9 Haulers Intercepted . | . . . Recyclers Shooed 1 | 1 . . Parts Field Recycled . | . . . Retrieved Matter . | . . . Parts Self-Destructed 10 | . . 10 Prevented . | . . . Parts Restored . | . . . Kills | -11 -10 -10 ------- Run | Yrd Mat Sub Combat Hostiles Destroyed 13 | . 7 6 Melee 7 | . 7 . Cannons 4 | . . 4 Classes Destroyed 8 | 3 2 3 Worker 2 | 2 . . Tunneler 9 | 9 . . Recycler 1 | 1 . . Operator 1 | . 1 . Swarmer 2 | . . 2 Grunt 7 | . 7 . Sentry 1 | . . 1 Subdweller 3 | . . 3 Best Kill Streak 7 | 7 6 3 Combat Bots Only 6 | . 6 3 Max Kills in Single Turn 3 | 3 1 1 Gunslinging . | . . . Exploded . | . . . Melee 1 | . 1 . Uniques/NPCs Destroyed . | . . . Combat | -11 -10 -10 -------- Run | Yrd Mat Sub Hostile Shots Fired 100 | . 47 53 Missed 29 | . 13 16 Hits 71 | . 34 37 Projectile 71 | . 34 37 Critical Strikes 1 | . . 1 Damage Taken 1089 | 12 406 671 Core 276 | . 138 138 Absorbed by Shields . | . . . Core Remaining (%) 100 | 100 . . Volleys Fired 58 | 25 4 29 Largest 2 | 2 2 2 Hottest 105 | 80 80 105 Shots Fired 88 | 50 6 32 Gun 68 | 50 6 12 Cannon 20 | . . 20 Launcher . | . . . Special . | . . . Kinetic 1 | . . 1 Thermal 25 | . . 25 Explosive . | . . . Electromagnetic 62 | 50 6 6 Robot Hit Streak 10 | 10 2 10 Robot Miss Streak 3 | 3 2 2 Penetration Max . | . . . Secondary Targets . | . . . Shots Hit Robots 75 | 28 19 28 Core Hits 25 | 12 9 4 Critical Kills 1 | . . 1 Critical Parts Destroyed . | . . . Critical Strikes 1 | . . 1 Meltdown 1 | . . 1 Melee Attacks 56 | . 26 30 Impact 2 | . . 2 Slashing 54 | . 26 28 Piercing . | . . . Sneak Attacks 1 | . 1 . Combat Hostiles . | . . . Follow-up Attacks . | . . . Damage Inflicted 1518 | 560 414 544 Guns 507 | 403 29 75 Cannons 354 | . . 354 Explosions 157 | 157 . . Melee 500 | . 385 115 Ramming . | . . . Kinetic . | . . . Thermal 541 | 157 . 384 Explosive . | . . . Electromagnetic 477 | 403 29 45 Impact 91 | . . 91 Slashing 409 | . 385 24 Piercing . | . . . Highest Corruption . | . . . Average Corruption . | . . . Corruption Purged . | . . . Corruption Blocked . | . . . Overload Shots . | . . . Overflow Damage 34 | 8 . 26 Projectiles 6 | . . 6 Explosions 8 | 8 . . Melee 20 | . . 20 Knockbacks 1 | . . 1 Impact 1 | . . 1 Kinetic . | . . . Secondary . | . . . Self-Inflicted Damage 12 | 12 . . Shots 1 | 1 . . Rammed . | . . . Targets Rammed . | . . . Kicked . | . . . Crushed . | . . . Highest Temperature 84 | 84 36 9 Average Temperature 26 | 29 16 4 Received Heat Transfer 330 | . 225 105 Siege Activations . | . . . Martial Activations . | . . . Shielding Activations . | . . . Robots Disrupted . | . . . Combat Hostiles . | . . . Robots Corrupted 1 | . . 1 Combat Hostiles 1 | . . 1 Parts Fried 8 | 7 . 1 Impact Corruptions 1 | . . 1 Robots Melted 1 | . . 1 Combat Hostiles 1 | . . 1 Parts Melted 1 | . . 1 Heat Transferred 755 | 200 . 555 Parts Sabotaged . | . . . Parts Stolen . | . . . Parts Stripped . | . . . Power Chain Reactions 3 | 3 . . Alert | -11 -10 -10 ------- Run | Yrd Mat Sub Maximum Alert Level . | . . . Low Security (%) 100 | 100 100 . Level 1 . | . . . Level 2 . | . . . Level 3 . | . . . Level 4 . | . . . Level 5 . | . . . High Security . | . . . Max Security . | . . . Peak Influence 130 | 15 130 . Initial . | . . . Average 20 | 2 41 . Influence Increases 339 | 60 219 60 Destroy 0b10 Robot/C 200 | . 140 60 Destroy 0b10 Robot/NC 65 | 60 5 . Destroy Leader 40 | . 40 . Successful Hack 19 | . 19 . Disable Machine 15 | . 15 . Influence Decreases 339 | 60 109 170 Entered New Map 54 | . . 54 Time Decay 235 | 60 99 76 Lost Part 50 | . 10 40 Squads Dispatched 3 | . 3 . Investigation 1 | . 1 . Extermination . | . . . Reinforcement 2 | . 2 . Assault . | . . . Garrison . | . . . Intercept . | . . . Searches Triggered . | . . . Construction Impeded . | . . . Haulers Reinforced . | . . . Active Scanning Responses . | . . . Cargo Convoy Interrupts . | . . . Stealth | -11 -10 -10 --------- Run | Yrd Mat Sub Distress Signals 1 | . 1 . Communications Jammed . | . . . Distress Signals . | . . . Times Spotted 27 | . 11 16 Peak Tracking Total 9 | . 9 4 Tactical Retreats . | . . . Traps | -11 -10 -10 ------- Run | Yrd Mat Sub Traps Triggered . | . . . Indirectly . | . . . Trap Hack Attempts . | . . . Triggered . | . . . Disarmed . | . . . Reprogrammed . | . . . Reused . | . . . Traps Extracted . | . . . Installed . | . . . Triggered . | . . . Machines | -11 -10 -10 ---------- Run | Yrd Mat Sub Machines Disabled 1 | . 1 . Max in Single Turn 1 | . 1 . Machines Repaired . | . . . Machines Dismantled . | . . . Machines Sabotaged . | . . . Overloaded Fab Kills . | . . . Hacking | -11 -10 -10 --------- Run | Yrd Mat Sub Machines Accessed 4 | . 3 1 Terminals 3 | . 3 . Fabricators . | . . . Repair Stations . | . . . Recycling Units . | . . . Scanalyzers . | . . . Garrison Access . | . . . Total Hacks 20 | . 16 4 Successful 10 | . 6 4 Failed 10 | . 10 . Catastrophic . | . . . Database Lockouts . | . . . Manual 10 | . 10 . Terminals 16 | . 16 . Fabricators . | . . . Repair Stations . | . . . Recycling Units . | . . . Scanalyzers . | . . . Garrison Access . | . . . Terminal Hacks 9 | . 5 4 Record 4 | . . 4 Part Schematic 2 | . 2 . Recall Investigation 1 | . 1 . Registered Components 1 | . 1 . Zone Layout 1 | . 1 . Fabricator Hacks . | . . . Repair Station Hacks . | . . . Recycling Unit Hacks . | . . . Scanalyzer . | . . . Garrison Access Hacks . | . . . Unauthorized Hacks 1 | . 1 . Terminals 1 | . 1 . Botnet 1 | . 1 . Fabricators . | . . . Repair Stations . | . . . Recycling Units . | . . . Scanalyzers . | . . . Garrison Access . | . . . Data Cores Recovered . | . . . Used . | . . . Hacking Detections 3 | . 3 . Full Trace Events 1 | . 1 . Feedback Events . | . . . Feedback Blocked . | . . . Robot Schematics Acquired . | . . . Robots Built . | . . . Authchips . | . . . Time . | . . . Total Robot Build Rating . | . . . Part Schematics Acquired 2 | . 2 . Parts Built . | . . . Authchips . | . . . Time . | . . . Total Part Build Rating . | . . . Part Studies Acquired . | . . . Parts Repaired . | . . . Time . | . . . Parts Recycled . | . . . Recycled Matter . | . . . Retrieved Matter . | . . . Retrieved Components . | . . . Parts Scanalyzed . | . . . Part Schematics Acquired . | . . . Parts Damaged . | . . . Bothacking | -11 -10 -10 ------------ Run | Yrd Mat Sub Used RIF Installer . | . . . Robots Hacked . | . . . Non-combat . | . . . Combat . | . . . Robot Hacks Applied . | . . . Relay Couplers Released . | . . . Fabnet Peak Effective % . | . . . Robots Rewired . | . . . Allies Hacked . | . . . Hacks Repelled . | . . . Allies | -11 -10 -10 -------- Run | Yrd Mat Sub Total Allies . | . . . Largest Group . | . . . Highest-Rated Group . | . . . Highest-Rated Ally . | . . . Total Orders . | . . . Ally Attacks . | . . . Total Damage . | . . . Kills . | . . . Allies Corrupted . | . . . Allies Melted . | . . . Intel | -11 -10 -10 ------- Run | Yrd Mat Sub Active Infowar (turns) 204 | 12 150 42 Seismic 204 | 12 150 42 Robot Analysis Total . | . . . Derelict Logs Recovered 1 | . . 1 Drone Launches . | . . . Drone Recoveries . | . . . Exploration | -11 -10 -10 ------------- Run | Yrd Mat Sub Turns Passed 1555 | 264 227 1064 Spaces Moved 1113 | 180 154 779 Core 7 | 2 . 5 Treads . | . . . Legs . | . . . Wheels 1106 | 178 154 774 Hover . | . . . Flight . | . . . Fastest Speed 50 | 50 80 80 Average Speed 101 | 79 80 111 Slowest Speed 350 | 80 80 350 Overloaded Moves . | . . . Propulsion Burnouts . | . . . Robots Hopped . | . . . Potential Cave-ins . | . . . Cave-ins Triggered . | . . . Exploration Rate (%) 25 | 5 32 39 Regions Visited 2 Branch Regions 1 Pre-discovered Areas 1 | . . 1 Known Exits Taken . | . . . Unknown Exits Taken 2 | 1 1 . Scrap Searched 6 | . . 6 Spaces Dug . | . . . Terrain Destroyed 14 | 12 . 2 Melee . | . . . Projectile 2 | . . 2 AOE 12 | 12 . . Terrain Rammed . | . . . Walls Destroyed . | . . . Machines Disabled . | . . . Actions | -11 -10 -10 --------- Run | Yrd Mat Sub Total 1333 | 247 199 887 Wait 43 | 29 1 13 Move 1111 | 179 153 779 Hop . | . . . Pick Up 12 | 5 2 5 Fast Attach 14 | 6 2 6 Attach 4 | 1 1 2 Detach 6 | . 2 4 Swap 11 | 1 4 6 Drop 12 | 1 4 7 Fire 58 | 25 4 29 Melee 56 | . 26 30 Ram . | . . . Kick . | . . . Crush . | . . . Escape Stasis . | . . . Rewire . | . . . Trap . | . . . Miscellaneous 6 | . . 6 Route ------- -11/Scrapyard -10/Materials (discovered 2 exits: [*Min] / *Sub) -10/Subcaves (discovered 2 exits: [*Mat] / [*Scr]) History --------- Turn | Location | Event 21 | -11/Scrapyard | Discovered new exit (range 15) 265 | -11/Scrapyard | Entered Materials 302 | -10/Materials | Build established: Mutant 326 | -10/Materials | Discovered new exit (range 6) 440 | -10/Materials | Core integrity fell below 50% 475 | -10/Materials | Discovered new exit (range 3) 492 | -10/Materials | Entered Subcaves 493 | -10/Subcaves | Approached by a straggling Scientist 526 | -10/Subcaves | Core integrity fell below 20% 560 | -10/Subcaves | Lost 4 parts (1p2n1w) 598 | -10/Subcaves | A swath of the cavern ceiling suddenly collapsed 827 | -10/Subcaves | Build established: Subdweller-Mutant 897 | -10/Subcaves | Shifting Twisted Machinery released Sub. Laser 907 | -10/Subcaves | Shifting Twisted Machinery released Sub. Machine Gun 997 | -10/Subcaves | Discovered new exit (range 8) 1175 | -10/Subcaves | Disturbed a concealed Subdweller 1310 | -10/Subcaves | Learned Materials non-interactive machine intel 1324 | -10/Subcaves | Visited Clippyterm 1327 | -10/Subcaves | Learned location of Extension (-6) 1556 | -10/Subcaves | Destroyed by CU-42I(R) with Subdweller Beam Cannon Last Messages --------------- 01441_ Dropped Beam Cannon. 01441_ Beam Cannon crushed and broken. 01444_ Acquired Mak. Hammer. 01447_ Dropped Mining Claw. 01447_ Acquired 10 matter. 01470_ HV Slug penetrates Twisted Machinery. 01470_ Sub. Beam Cannon shoots sparks and powers down. 01475_ WJ-BMQ(h) destroyed. 01487_ Acquired 10 matter. 01489_ X4-HQM(R) knocked back. 01492_ Destroyed Sub. Optics. 01492_ X4-HQM(R) system corrupted by crushing effect. 01493_ X4-HQM(R) system terminally corrupted. 01493_ Disposable Heat Sink fried. 01497_ Scrap Shield Fragment affixed to Scrap Shield (+46). 01500_ Acquired Bore Cannon. 01554_ HV Slug penetrates Wall. Map ----- +----------------------------------------------------+ | ?????????????????????????????????????????????????? | | ?????????????????????????????????????????????????? | | ?????????????????????????????????????????????????? | | ?????????????????????????????????????????????????? | | ?????????????????????????????????????????????????? | | ?????????????????????????????????????????????????? | | ???????????????????????#####?????????????????????? | | ???????????????????????# ##????????????????????? | | ???????????????????????# #????????????????????? | | ???????????????????????# #????????????????????? | | ??????????????????????## #????????????????????? | | ??????????????????????# #####??????????????????? | | ??????????????????????# ## #??????????????????? | | ??????????????????????#" ##?????????????????? | | ?????????????????????## " " ##????????????????? | | ????????????????????## """" #????????????????? | | ????????????????????#""" ### #????????????? | | ????????????????????# ##??# #???????????? | | ????????????????????# ##??? ???????????? | | ????????????????????# #???? ??????????? | | ?????????????######?# ###????? ???????????? | | ?????????????#%/%"### "##??????? ??????????? | | ?????????????##"[=|### " #????????## ?????????? | | ?????????###??####[#?# ##??????????? ??????????? | | ????????## #### %"#?# R#####???????????????????? | | ####???## ## ###?## @ ##??????????????????? | | ## #?### *% "##?#* ####???????????????? | | ### = ###% #####???????????? | | ## ###[ #???????????? | | ### #???????????? | | # ##%! ##???????????? | | ## ## ### [! ### ##????????????? | | ?##########?# #??# ##?????????????? | | ????????????### ## #??###??????????????? | | ??????????????# ############???????????????????? | | ?????????????### ##?????????????????????????????? | | ?????????????# #?????????????????????????????? | | ?????????????# ####?????????????????????????????? | | ????????????## ##????????????????????????????????? | | ????????????# #????????????????????????????????? | | ????????????# ##????????????????????????????????? | | ??????#####?## ##???????????????????????????????? | | ??????#"""### #???????????????????????????????? | | ??????#"" ## #???????????????????????????????? | | ??????#"X #######?????????????????????????? | | ??????#"" ## ## # # #?????????????????????????? | | ??????#"""## #?????????????????????????? | | ??????####### #?????????????????????????? | | ????????????# #### #?????????????????????????? | | ????????????# ##?# ##?????????????????????????? | +----------------------------------------------------+ Best States ------------- Heat Dissipation 25 Energy Generation 15 Energy Capacity 250 Matter Stores 300 Matter Capacity 300 Sight Range 16 Terrain Scan Density 10 Armor Coverage 800 Evasion (%) 44 Item Schematics ----------------- Datajack | -10/Materials | Hacked Flight Unit | -10/Materials | Hacked Robot Schematics ------------------ None Fabricated ------------ Nothing Repaired ---------- Nothing Studied --------- None Alien Tech Used ----------------- None Achievements -------------- None Challenges ------------ None Game ------ Seed LightCoolantInjector Manual? 0 Play Time 00:21:44 Cumulative 82.4 hours Start 2025.10.26 @ 10:34:35 End 2025.10.26 @ 11:20:28 Sessions 1 Manual Loads 0 Difficulty Rogue Special Mode None Game No. 124 Rogue 124 Adventurer 0 Explorer 0 Win Type - Total 0 Types 0/0/0/0/0/0/0/0/0/0 Lore% 27 Gallery% 31 Achievement% 23 Wizard Run 0 Options --------- Layout 1 ASCII 0 Keyboard 0 Movement Arrows Keybinds 0 Fullscreen 1 Font 24/Smallcaps Map View 50x35 Zoom Use 0% Tactical HUD 1 Map Filters NONE Filters NONE Steam 1 RUN: 9dac151f-983e-40c2-98e6-71adbfce2636